 Dungeon Crawl Stone Soup version 0.29-a0-559-g359e09b9d1 (webtiles) character file.

Game seed: 8880292312232407564

513 Heedrag the Chopper (level 7, -8/61 HPs)
             Began as a Minotaur Fighter on June 9, 2022.
             Mangled by a mummy (12 damage)
             ... in an ossuary.
             The game lasted 00:05:05 (3292 turns).

Heedrag the Chopper (Minotaur Fighter)              Turns: 3292, Time: 00:05:05

Health: -8/61      AC:  7    Str: 20    XL:     7   Next: 0%
Magic:  6/6        EV: 10    Int:  5    God:
Gold:   88         SH:  5    Dex: 12    Spells: 6/6 levels left

rFire   . . .      SeeInvis .   a - +0 war axe
rCold   . . .      Faith    .   c - +0 buckler
rNeg    . . .      Spirit   .   b - +0 scale mail
rPois   .          Reflect  .   (helmet restricted)
rElec   .          Harm     .   (no cloak)
rCorr   .          Rampage  .   (no gloves)
Will    .....                   (no boots)
Stlth   ..........              (no amulet)
HPRegen 0.20/turn               (no ring)
MPRegen 0.10/turn               (no ring)

@: no status effects
A: horns 2, retaliatory headbutt
a: no special abilities


You were in an ossuary.
You visited 1 branch of the dungeon, and saw 4 of its levels.
You also visited: Ossuary.

You collected 88 gold pieces.

Inventory:

Hand Weapons
 a - a +0 war axe (weapon)
 n - a +4 trident
   (You took it off an orc on level 3 of the Dungeon)
 p - the +1 hunting sling "Mohidu" {flame, rPois rF- Str+6}
   (You took it off an orc on level 3 of the Dungeon)

   Any ammunition fired from it burns those it strikes, dealing additional fire
   damage.
   Str:       It affects your strength (+6).
   rF:        It makes you vulnerable to fire.
   rPois:     It protects you from poison.
Missiles
 r - 3 javelins (quivered)
Armour
 b - a +0 scale mail (worn)
 c - a +0 buckler (worn)
Wands
 k - a wand of polymorph (13)
   (You found it on level 2 of the Dungeon)
 v - a wand of digging (6)
   (You took it off Jessica on level 3 of the Dungeon)
Scrolls
 g - a scroll of magic mapping {unknown}
 h - a scroll of summoning {unknown}
 i - 3 scrolls of identify {unknown}
 j - a scroll of teleportation {unknown}
 l - a scroll of blinking {unknown}
 o - 2 scrolls of immolation {unknown}
 s - a scroll of enchant weapon {unknown}
Potions
 d - a potion of might
 e - 2 potions of heal wounds {unknown}
 f - 3 potions of attraction {unknown}
 m - 2 potions of degeneration {unknown}
 q - 2 potions of curing {@q1}


   Skills:
 + Level 5.0 Fighting
 * Level 5.3 Axes
 + Level 4.9 Armour
 + Level 2.9 Dodging
 + Level 4.9 Shields
 + Level 1.6 Evocations


You had 6 spell levels left.
You didn't know any spells.
Your spell library was empty.

Dungeon Overview and Level Annotations

Branches:
Dungeon (4/15)            Ossuary (1/1)
 Temple: D:4-7

Altars:


Innate Abilities, Weirdness & Mutations

You have a pair of horns on your head.
You reflexively headbutt those who attack you in melee.


Message History

You hit the centaur zombie. The centaur zombie hits you.
The centaur zombie closely misses you.
You hit the centaur zombie but do no damage.
You headbutt the centaur zombie, but do no damage.
The centaur zombie closely misses you. You furiously retaliate!
You headbutt the centaur zombie.
The centaur zombie kicks you but does no damage.
The centaur zombie hits you but does no damage.
The centaur zombie barely misses you.
You slash the centaur zombie! You headbutt the centaur zombie.
You destroy the centaur zombie!
Your Fighting skill increases to level 5!
You aren't carrying any pieces of jewellery.
Unknown command.
You open the door. 5 mummies come into view.
Found twelve items.
Found a gate leading back out of this place.
There are monsters nearby!
There are monsters nearby!
There are monsters nearby!
Found a black potion, a potion of curing and 2 potions of might.
There is an open door here.
There is a click, and some walls slide away!
You hit the mummy. The mummy hits you but does no damage.
You hit the mummy. You hit the mummy but do no damage. The mummy hits you!
You barely miss the mummy. You hit the mummy. You slash the mummy!
The mummy barely misses you. You furiously retaliate!
You headbutt the mummy, but do no damage.
You hit the mummy but do no damage. You headbutt the mummy!
You barely miss the mummy. x2; You slash the mummy!
The mummy hits you! You block the mummy's attack.
You hit the mummy.
You destroy the mummy!
You hit the mummy.
You hit the mummy but do no damage. x2; The mummy hits you!
The mummy barely misses you. You furiously retaliate!
You headbutt the mummy!
You destroy the mummy!
You have reached level 7!
You slash the mummy! You headbutt the mummy! You barely miss the mummy.
You hit the mummy. The mummy hits you!
* * * LOW HITPOINT WARNING * * *
The mummy hits you!
* * * LOW HITPOINT WARNING * * *
You block the mummy's attack.
You slash the mummy! You barely miss the mummy. You hit the mummy.
You destroy the mummy!
The mummy hits you.
* * * LOW HITPOINT WARNING * * *
The mummy hits you!
You die...

###+###'###'###'###'###..
#...#...#...#...#.. +
##'#####'##'####.#.. ..
#....#....#....#.#.. ...
#....#....#....###..
....#....#....#....#.'..
.........#.........#.#..
###....'.#.....#####.#..
.......@...........###..
......MM...........#.'..
........!!?........'.#..
.......??$?!.......#.#..
#####..!$∩$!..########..
...?!$??.......#.'..
.....!!!........#.#..
.................'.#..
#....###..


You could see 2 mummies.

Vanquished Creatures
  A necrophage (D:4)
  A howler monkey (D:4)
  A centaur zombie (Ossuary)
  A hound (D:4)
  Terence (D:3)
  Jessica (D:3)
  Natasha (thrice) (D:2)
  An orc wizard (D:3)
  3 ogre zombies (Ossuary)
  4 mummies (Ossuary)
  2 adders (D:4)
  2 dart slugs
  5 orcs
  3 giant cockroaches
  4 goblins
  5 hobgoblins
  12 jackals
  2 quokkas
  9 ball pythons
  7 bats
  7 frilled lizards
  A hobgoblin zombie (Ossuary)
  10 kobolds
  A kobold zombie (Ossuary)
  5 quokka zombies
  8 rats
  3 rat zombies
103 creatures vanquished.

Notes
Turn   | Place    | Note
-------+----------+-------------------------------------------
     0 | D:1      | Heedrag the Minotaur Fighter began the quest for the Orb.
     0 | D:1      | Reached XP level 1. HP: 19/19 MP: 0/0
   346 | D:1      | Reached XP level 2. HP: 23/27 MP: 1/1
   473 | D:1      | Reached skill level 1 in Dodging
   479 | D:1      | Reached XP level 3. HP: 22/33 MP: 2/2
   978 | D:2      | Noticed Natasha
   986 | D:2      | Killed Natasha
  1006 | D:2      | Noticed Natasha
  1012 | D:2      | Killed Natasha
  1013 | D:2      | Reached XP level 4. HP: 28/40 MP: 3/3
  1018 | D:2      | Noticed Natasha
  1022 | D:2      | Found a faded altar of an unknown god.
  1025 | D:2      | Killed Natasha
  1723 | D:3      | Noticed Jessica
  1735 | D:3      | Killed Jessica
  1736 | D:3      | Reached XP level 5. HP: 22/47 MP: 4/4
  1942 | D:3      | Identified the +1 hunting sling "Mohidu" {flame, rPois rF-
                  | Str+6}
  2349 | D:3      | Noticed Terence
  2352 | D:3      | Killed Terence
  2797 | D:4      | Reached skill level 1 in Evocations
  2811 | D:4      | Reached XP level 6. HP: 51/53 MP: 5/5
  2865 | D:4      | Reached skill level 5 in Axes
  2975 | D:4      | Found a sand-covered staircase.
  2990 | Ossuary  | Entered an ossuary
  3260 | Ossuary  | Reached skill level 5 in Fighting
  3291 | Ossuary  | Reached XP level 7. HP: 36/61 MP: 6/6
  3292 | Ossuary  | Mangled by a mummy

Illustrated notes

Levels and vault maps discovered:
D:1:      evilmike_arrival_fibonacci_small, layout_basic
D:2:      layout_loops_ring, hellmonk_ecumenical_altar_lost_god, uniq_natasha
D:3:      layout_basic, uniq_terence, uniq_jessica
D:4:      layout_basic, enter_ossuary_4, biasface_ghost_orc_armoury,
          corexii_checkpoint_a, roderic_batcave, minmay_manual_maat
Ossuary:  ossuary_boxes_badplayer

Skill      XL: |  1  2  3  4  5  6 |
---------------+-------------------+-----
Axes           | 3 4 5 |  5.3
Dodging        | 1 2 |  2.9
Armour         | 4 |  4.9
Fighting       | 4 5 |  5.0
Shields        | 4 |  4.9
Evocations     | 1 |  1.6

Action                   |  1- 3 |  4- 6 |  7- 9 || total
-------------------------+-------+-------+-------++-------
Melee: War axe           |    64 |   143 |     2 ||   209
       Headbutt          |     9 |    27 |     1 ||    37
Armor: Scale mail        |    40 |    79 |       ||   119
Dodge: Dodged            |    46 |    79 |       ||   125
Block: Buckler           |    35 |    33 |     1 ||    69

Table legend: (Time is in decaauts)
 A = Elapsed time spent in this place.
 B = Non-inter-level travel time spent in this place.
 C = Inter-level travel time spent in this place.
 D = Time resting spent in this place.
 E = Time spent auto-exploring this place.
 F = Levels seen in this place.
 G = Mean time per level.
                   A        B        C        D        E       F      G
               +--------+--------+--------+--------+--------+-----+--------+
         Total |   3360 |   3040 |    320 |    282 |   2154 |   5 |  672.0 |
       Dungeon |   3045 |   2725 |    320 |    282 |   1926 |   4 |  761.2 |
       Ossuary |    314 |    314 |      0 |      0 |    228 |   1 |  314.0 |
               +--------+--------+--------+--------+--------+-----+--------+

Top non-repeatable levels by time:
     D:3: 1188 daAuts
     D:1: 811 daAuts
     D:2: 745 daAuts
 Ossuary: 314 daAuts
     D:4: 300 daAuts
